 Dungeon Crawl Stone Soup version 0.27-a0-901-g8736458 (webtiles) character file.

Game seed: 6560832742337047780

1768 Nithhogg the Spawn of Chaos (level 8, 0/64 HPs)
             Began as a Demonspawn Fighter on Apr 5, 2021.
             Was an Initiate of Makhleb.
             Slain by an orc warrior
             ... wielding a +0 trident
              (12 damage)
             ... on level 7 of the Dungeon.
             The game lasted 00:11:28 (9305 turns).

Nithhogg the Spawn of Chaos (Demonspawn Fighter)    Turns: 9305, Time: 00:11:29

Health: 0/64       AC: 15    Str: 19    XL:     8   Next: 80%
Magic:  12/12      EV: 11    Int: 17    God:    Makhleb [......]
Gold:   257        SH:  0    Dex: 12    Spells: 7/7 levels left

rFire    . . .     SeeInvis .   y - +4 dagger of Koamn {protect, Drain Fragile rElec Int+7}
rCold    . . .     Faith    .   (no shield)
rNeg     . . .     Spirit   .   b - +1 scale mail
rPois    .         Reflect  .   (helmet restricted)
rElec    +         Harm     .   (no cloak)
rCorr    .         Rampage  .   (no gloves)
Will     .....                  (no boots)
Stlth    ..........             (no amulet)
HPRegen  0.20/turn              (no ring)
MPRegen  0.13/turn              (no ring)

@: protection aura
A: antennae 2, powered by pain 1
a: Renounce Religion


You were on level 7 of the Dungeon.
You worshipped Makhleb.
Makhleb was noncommittal.
You visited 2 branches of the dungeon, and saw 8 of its levels.

You collected 257 gold pieces.

Inventory:

Hand Weapons
 a - a +0 long sword
 n - a +5 dagger of speed
 y - the +4 dagger of Koamn (weapon) {protect, Drain Fragile rElec Int+7}
   (You found it on level 4 of the Dungeon)

   It grants its wielder temporary protection when it strikes (+7 to AC).
   It affects your intelligence (+7).
   It insulates you from electricity.
   It drains your maximum health when unequipped.
   It will be destroyed if unequipped.
Missiles
 e - 2 atropa-tipped darts
 D - a throwing net
Armour
 b - a +1 scale mail (worn)
 c - a +0 kite shield
Jewellery
 t - a +4 ring of protection
Wands
 l - a wand of acid (1)
 s - a wand of flame (4)
 z - a wand of polymorph (6) (quivered)
Scrolls
 f - a scroll of torment
 g - 2 scrolls of teleportation
 r - a scroll of fear
Potions
 d - a potion of might
 h - 2 potions of heal wounds
 i - a potion of degeneration
 k - a potion of magic
 m - a potion of attraction
 o - 5 potions of curing
 p - a potion of resistance
 u - a potion of cancellation {unknown}
 x - a potion of invisibility {unknown}
 A - a potion of haste {unknown}
 C - a potion of ambrosia {unknown}
 E - a potion of lignification {unknown}


   Skills:
 + Level 5.9 Fighting
 + Level 4.9 Long Blades
 + Level 5.4 Armour
 + Level 4.3 Dodging
 - Level 2.6 Shields
 + Level 6.4 Invocations


You had 7 spell levels left.
You didn't know any spells.
Your spell library contained the following spells:

 Spells                   Type           Power      Damage    Failure   Level
 Animate Skeleton         Necr           0%         N/A       54%         1
 Apportation              Tloc           0%         N/A       54%         1
 Corona                   Hex            0%         N/A       54%         1
 Magic Dart               Conj           0%         1d3       54%         1
 Shock                    Conj/Air       0%         1d3       54%         1
 Summon Small Mammal      Summ           0%         N/A       54%         1
 Searing Ray              Conj           0%         3d3       69%         2
 Swiftness                Air            0%         N/A       69%         2
 Dazzling Flash           Conj/Hex       0%         N/A       89%         3
 Static Discharge         Conj/Air       0%         N/A       89%         3
 Airstrike                Air            0%         N/A       100%        4
 Fulminant Prism          Conj/Hex       0%         3d6       100%        4
 Iskenderun's Mystic Bla  Conj/Tloc      0%         2d3       100%        4
 Lightning Bolt           Conj/Air       0%         1d11      100%        5


Dungeon Overview and Level Annotations

Branches:
Dungeon (7/15)             Temple (1/1) D:6

Altars:
Ashenzari
Cheibriados
Dithmenos
Fedhas
Gozag
Hepliaklqana
Kikubaaqudgha
Makhleb
Nemelex Xobeh
Okawaru
Qazlal
Ru
Sif Muna
Trog
Uskayaw
Vehumet
Xom
Yredelemnul
Zin
The Shining One

Shops:
D:2 (

Annotations:
D:5 2 runed translucent doors, thesequoiad's ghost, amateur DjIE
D:6 2 transporters, Ahrinia's ghost, novice DsGl


Innate Abilities, Weirdness & Mutations

You have a pair of antennae on your head.
You sometimes gain a little power by taking damage.


Message History

You closely miss the orc warrior.
The orc warrior is severely wounded.
The orc warrior hits you with a +0 trident.
You are too injured to fight recklessly!
You barely miss the orc warrior.
The orc warrior is heavily wounded.
The orc warrior hits you but does no damage.
You hit the orc warrior.
The orc warrior is severely wounded.
The orc warrior misses you.
You hit the orc warrior but do no damage.
The orc warrior is severely wounded.
The orc warrior closely misses you.
You hit the orc warrior.
The orc warrior is almost dead.
The orc warrior hits you with a +0 trident!
You hit the orc warrior but do no damage.
The orc warrior is almost dead.
You closely miss the orc warrior.
The orc warrior is almost dead.
The orc warrior hits you with a +0 trident.
* * * LOW HITPOINT WARNING * * *
You hit the orc warrior but do no damage.
The orc warrior is almost dead.
The orc warrior closely misses you.
You hit the orc warrior but do no damage.
The orc warrior is almost dead.
The orc warrior hits you with a +0 trident.
* * * LOW HITPOINT WARNING * * *
You hit the orc warrior but do no damage.
The orc warrior is almost dead.
The orc warrior barely misses you.
You hit the orc warrior but do no damage.
The orc warrior is almost dead.
The orc warrior hits you with a +0 trident.
* * * LOW HITPOINT WARNING * * *
You hit the orc warrior but do no damage.
The orc warrior is almost dead.
The orc warrior hits you with a +0 trident!
You die...

#########
############
#.@oo...#
...........##
#.#####.#
#######.....###.#
##..............#
.>...##.....###.#
##.#......#...#.#
.#.#####.#.#.....
.#.#####.#.#..###.
..{......#.#..# ##


You could see an orc warrior and an orc.

Vanquished Creatures
  Grinder (D:3)
  2 water moccasins (D:6)
  An ice beast (D:7)
  2 sky beasts
  A centaur (D:5)
  A gnoll sergeant (D:5)
  2 scorpions
  2 electric eels (D:6)
  A howler monkey (D:6)
  A bullfrog zombie (D:6)
  4 hounds
  3 jellies
  2 orc priests (D:6)
  Ijyb (D:3)
  Jessica (D:2)
  2 iguanas
  An orc wizard (D:4)
  2 hound zombies (D:5)
  10 gnolls
  2 adders
  An ufetubus (D:5)
  A worm (D:4)
  2 dart slugs
  18 orcs
  5 endoplasms
  6 giant cockroaches
  15 goblins
  6 hobgoblins
  9 jackals (D:2)
  A quokka (D:1)
  3 ball pythons
  6 bats
  4 frilled lizards
  8 kobolds
  8 rats
135 creatures vanquished.

Vanquished Creatures (others)
  An orc (D:4)
  A jackal (D:3)
  6 plants (D:6)
8 creatures vanquished.

Grand Total: 143 creatures vanquished

Notes
Turn   | Place    | Note
-------+----------+-------------------------------------------
     0 | D:1      | Nithhogg the Demonspawn Fighter began the quest for the
                  | Orb.
     0 | D:1      | Reached XP level 1. HP: 18/18 MP: 1/1
   184 | D:1      | Gained mutation: You have a pair of small antennae on your
                  | head. [demonic ancestry]
   184 | D:1      | Reached XP level 2. HP: 15/24 MP: 2/2
   194 | D:1      | Reached skill level 1 in Invocations
   865 | D:1      | Reached XP level 3. HP: 29/29 MP: 4/4
  1329 | D:2      | Reached skill level 1 in Dodging
  1446 | D:2      | Noticed Jessica
  1452 | D:2      | Killed Jessica
  1453 | D:2      | Reached skill level 2 in Invocations
  1453 | D:2      | Reached XP level 4. HP: 15/35 MP: 5/5
  1832 | D:2      | Found a faded altar of an unknown god.
  1939 | D:2      | Found Gaczyhol's Weapon Shoppe.
  2386 | D:3      | Noticed Ijyb
  2795 | D:3      | Killed Ijyb
  3251 | D:3      | Reached XP level 5. HP: 42/42 MP: 6/6
  3590 | D:3      | Noticed Grinder
  3603 | D:3      | Killed Grinder
  3604 | D:3      | Reached skill level 3 in Invocations
  3604 | D:3      | Reached XP level 6. HP: 31/48 MP: 6/8
  3884 | D:3      | Found a blossoming altar of Fedhas.
  4230 | D:4      | Identified the +4 dagger of Koamn {protect, Drain Fragile
                  | rElec Int+7}
  4820 | D:4      | Reached skill level 4 in Invocations
  5282 | D:4      | Gained mutation: You have a pair of antennae on your head.
                  | [demonic ancestry]
  5282 | D:4      | Reached XP level 7. HP: 46/55 MP: 10/10
  5401 | D:5      | Entered Level 5 of the Dungeon
  6266 | D:5      | Found a large runed translucent door.
  6267 | D:5      | Found a large runed translucent door.
  6359 | D:5      | Noticed thesequoiad's ghost (amateur DjIE)
  6410 | D:5      | Reached skill level 5 in Fighting
  6460 | D:5      | Reached skill level 5 in Invocations
  6470 | D:5      | Gained mutation: You sometimes gain a little power by
                  | taking damage. [demonic ancestry]
  6470 | D:5      | Reached XP level 8. HP: 36/62 MP: 11/11
  6628 | D:5      | Found a shimmering blue altar of Sif Muna.
  7231 | D:6      | Identified the -4 kite shield "Xiczyski" {rCorr Dex+4}
  7391 | D:6      | Reached skill level 5 in Armour
  7637 | D:6      | Identified the +10 dagger "Sabecuusk" {holy, *Corrode rF+
                  | Str+7}
  7667 | D:6      | Found a staircase to the Ecumenical Temple.
  7695 | Temple   | Entered the Ecumenical Temple
  8018 | Temple   | Became a worshipper of Makhleb the Destroyer
  8147 | D:6      | Found a transporter.
  8310 | D:6      | Reached skill level 6 in Invocations
  8498 | D:6      | Found a transporter.
  8503 | D:6      | Identified the ring of Qassa {rF+ Str+7 SInv Stlth-}
  8503 | D:6      | Noticed Ahrinia's ghost (novice DsGl)
  9305 | D:7      | Slain by an orc warrior

Illustrated notes

Levels and vault maps discovered:
D:1:      elethiomel_arrival_diamonds, layout_basic, minmay_pentomino_r4
D:2:      layout_basic, ebering_ecumenical_altar_box, serial_shops, shop,
          minmay_misc_feat_cross, uniq_jessica
D:3:      layout_loops_ring, fedhas_altar_2, minmay_misc_feat_pillars,
          uniq_ijyb, uniq_grinder
D:4:      layout_gridville
D:5:      layout_basic, nicolae_sif_muna_little_library,
          ebering_ghost_disaster_area, minmay_holes, lightli_minifort
D:6:      layout_loops_corners, minmay_temple_entry_proselytizer,
          gammafunk_ghost_gnarly_gnolls, kennysheep_big_empty_room,
          grunt_ministairs_1
D:7:      layout_loops_ring
Temple:   compressed_dpeg_circular_temple

Skill      XL: |  1  2  3  4  5  6  7  8 |
---------------+-------------------------+-----
Long Blades    | 2 3 4 |  4.9
Invocations    | 1 2 3 4 5 6 |  6.4
Armour         | 3 4 5 |  5.4
Dodging        | 1 2 3 4 |  4.3
Fighting       | 4 5 |  5.9
Shields        | |  2.6

Action                   |  1- 3 |  4- 6 |  7- 9 || total
-------------------------+-------+-------+-------++-------
Melee: Long sword        |   112 |       |       ||   112
       Dagger            |       |   226 |   361 ||   587
Evoke: Wand              |       |     4 |     8 ||    12
  Use: Potion            |       |     3 |     1 ||     4
       Scroll            |       |       |    13 ||    13
Armor: Scale mail        |    62 |    99 |   156 ||   317
Dodge: Dodged            |    75 |    98 |   168 ||   341
       Rpst.: Long sword |    24 |       |       ||    24

Table legend: (Time is in decaauts)
 A = Elapsed time spent in this place.
 B = Non-inter-level travel time spent in this place.
 C = Inter-level travel time spent in this place.
 D = Time resting spent in this place.
 E = Time spent auto-exploring this place.
 F = Levels seen in this place.
 G = Mean time per level.
                   A        B        C        D        E       F      G
               +--------+--------+--------+--------+--------+-----+--------+
         Total |   9234 |   8907 |    327 |   1729 |   5945 |   8 | 1154.2 |
       Dungeon |   8896 |   8582 |    314 |   1476 |   5882 |   7 | 1270.9 |
        Temple |    337 |    324 |     13 |    253 |     63 |   1 |  337.0 |
               +--------+--------+--------+--------+--------+-----+--------+

Top non-repeatable levels by time:
     D:5: 1716 daAuts
     D:2: 1684 daAuts
     D:3: 1512 daAuts
     D:6: 1472 daAuts
     D:1: 1103 daAuts
     D:4: 1075 daAuts
  Temple: 337 daAuts
     D:7: 331 daAuts
